 Dungeon Crawl Stone Soup version 0.30-a0-859-gf88a04b62d (webtiles) character file.

Game seed: 12100492791125547570

60 lunkers the Slasher (level 4, 38/38 HPs)
             Began as a Meteoran Fighter on Mar 7, 2023.
             Was a Follower of Cheibriados.
             Quit the game on level 4 of the Dungeon.
             The game lasted 00:02:14 (738 turns).

lunkers the Slasher (Meteoran Fighter)               Turns: 738, Time: 00:02:14

Health: 38/38      AC: 14    Str: 20    XL:     4   Next: 48%
Magic:  5/5        EV:  7    Int: 12    God:    Cheibriados [*.....]
Gold:   73         SH:  5    Dex: 19    Spells: 3/3 levels left

rFire   . . .      SeeInvis .    a - +0 long sword
rCold   . . .      Faith    .    c - +0 buckler
rNeg    . . .      Spirit   .    e - +4 chain mail
rPois   .          Reflect  .    (no helmet)
rElec   .          Rampage  .    (no cloak)
rCorr   .                        j - +0 pair of gloves
Will    .....                    (no boots) Stlth
                                 (no amulet)
HPRegen 0.26/turn                (no ring)
MPRegen 0.09/turn                (no ring)

@: glowing, very slow
A: sense surroundings 1, otherworldly, glowing, explore regen
a: Renounce Religion, Bend Time


You were on level 4 of the Dungeon.
You worshipped Cheibriados.
Cheibriados was aware of your devotion.
You visited 1 branch of the dungeon, and saw 4 of its levels.

You collected 73 gold pieces.

Inventory:

Hand Weapons
 a - a +0 long sword (weapon)
Armour
 c - a +0 buckler (worn)
 e - a +4 chain mail (worn)
 f - a +0 kite shield
 j - a +0 pair of gloves (worn)
 m - the +3 leather armour "Astraogge" {rC+ Int+2 Dex+3}
   (You found it on level 2 of the Dungeon)

   Int:       It affects your intelligence (+2).
   Dex:       It affects your dexterity (+3).
   rC:        It protects you from cold.
Scrolls
 b - a scroll of enchant weapon {unknown}
 h - 2 scrolls of identify
 i - a scroll of fear {unknown}
 k - a scroll of noise {unknown}
 l - a scroll of amnesia {unknown}
Potions
 d - 2 potions of might
 g - a potion of ambrosia


   Skills:
 - Level 3.2 Fighting
 + Level 5.1 Long Blades
 - Level 3.6 Armour
 - Level 3.6 Shields


You had 3 spell levels left.
You didn't know any spells.
Your spell library contained the following spells:

 Spells                   Type           Power      Damage    Failure   Level
 Foxfire                  Conj/Fire      0%         2x1d4     99%         1
 Fireball                 Conj/Fire      0%         3d3       100%        5
 Starburst                Conj/Fire      0%         6d3       100%        6


Dungeon Overview and Level Annotations

Branches:
Dungeon (4/15) Zot: 2475   Temple (0/1) D:4

Altars:
Cheibriados

Shops:
D:2 *!


Innate Abilities, Weirdness & Mutations

You passively map a small area around you.
You are easily found by Zot.
You glow in the dark.
You regain HP and MP as you explore.


Message History

No target in view!
No target in view!
No target in view!
No target in view!
No target in view!
No target in view!
No target in view!
No target in view!
No target in view!
No target in view!
No target in view!
No target in view!
No target in view!
No target in view!
Found a stone staircase leading up.
No target in view!
Found 6 stones.
You now have 65 gold pieces (gained 8).
l - a scroll labelled YFOFAPN JUSOFA No target in view!
No target in view!
You now have 73 gold pieces (gained 8).
Found 5 javelins.
You see here the +3 leather armour "Astraogge" {rC+ Int+2 Dex+3}.
No target in view!
m - the +3 leather armour "Astraogge" {rC+ Int+2 Dex+3}
There is a stone staircase leading down here.
You climb downwards.
A sourceless malevolence fills the Dungeon...
You fall into a shaft and drop 1 floor!
The shaft crumbles and collapses.
You hear the hiss of flowing sand.
There is an entrance to an ossuary on this level.
Hurry and find it before the portal is buried!
Splash!
You fall into the shallow water.
Moving in this stuff is going to be slow.
Found a plate armour.
Found a staircase to the Ecumenical Temple.
A scorpion comes into view.
Are you sure you want to abandon this character and quit the game? (Confirm with "yes".)

, * * , . * *#.
##. , #.. ##...
* * ##.##* #...#
##....###...###
.........~~~..#
* *
.......@~~~~~.#
....[..~~~~~~~#
, ,
.......~~~>~§~.*
, ,
.......§~~~~~§.
........~~~~~..
,, ,
.........~§~.s.
, *
#..............
** *
##.............
, #.............


You could see a scorpion (wandering).

Vanquished Creatures
  2 adders (D:2)
  A dart slug (D:2)
  A worm (D:2)
  3 endoplasms (D:1)
  A giant cockroach (D:2)
  5 goblins
  3 hobgoblins
  4 jackals (D:1)
  2 kobolds
  2 ball pythons
  7 bats
  3 rats (D:2)
34 creatures vanquished.

Notes
Turn   | Place    | Note
-------+----------+-------------------------------------------
     0 | D:1      | lunkers the Meteoran Fighter began the quest for the Orb.
     0 | D:1      | Reached XP level 1. HP: 19/19 MP: 2/2
   156 | D:1      | Reached skill level 3 in Long Blades
   156 | D:1      | Reached XP level 2. HP: 23/26 MP: 3/3
   351 | D:1      | Reached XP level 3. HP: 25/31 MP: 4/4
   361 | D:1      | Reached skill level 4 in Long Blades
   489 | D:2      | Found Ufoywn's Distillery.
   515 | D:2      | Reached XP level 4. HP: 38/38 MP: 5/5
   540 | D:2      | Found Zaomiro's General Store.
   604 | D:2      | Found a faded altar of an unknown god.
   613 | D:2      | Prayed at the altar of an unknown god.
   613 | D:2      | Became a worshipper of Cheibriados the Contemplative
   613 | D:2      | Reached * piety under Cheibriados
   616 | D:2      | Reached skill level 5 in Long Blades
   721 | D:2      | Identified the +3 leather armour "Astraogge" {rC+ Int+2
                  | Dex+3}
   736 | D:3      | You fall into a shaft and drop 1 floor!
   736 | D:4      | Found a staircase to the Ecumenical Temple.
   737 | D:4      | Noticed a scorpion
   738 | D:4      | Quit the game

Illustrated notes

Levels and vault maps discovered:
D:1:      dpeg_arrival_concentric_ovals, layout_loops_ring
D:2:      minmay_roachtagon, layout_rooms, serial_shops, shop,
          nicolae_shop_temple_entry_statues_fountains, shop,
          shapermc_ecumenical_altar_gd, minmay_rat_gold_closets
D:3:      layout_basic, nicolae_grassy_gnolls
D:4:      layout_cave_pods, minmay_temple_entry_mist, serial_shops, shop,
          chequers_ossuary_entry_cave, minmay_misc_feat_square,
          nicolae_eternal_life

Skill      XL: |  1  2  3  4 |
---------------+-------------+-----
Long Blades    | 3 4 5 |  5.1
Fighting       | |  3.2
Armour         | |  3.6
Shields        | |  3.6

Action                     |  1- 3 |  4- 6 || total
---------------------------+-------+-------++-------
  Melee: Long sword        |    77 |    34 ||   111
    Use: Scroll            |     2 |       ||     2
 Armour: Scale mail        |    14 |       ||    14
         Chain mail        |    66 |    30 ||    96
  Dodge: Dodged            |    38 |     8 ||    46
  Block: Buckler           |    31 |    13 ||    44

Table legend: (Time is in decaauts)
 A = Elapsed time spent in this place.
 B = Non-inter-level travel time spent in this place.
 C = Inter-level travel time spent in this place.
 D = Time resting spent in this place.
 E = Time spent auto-exploring this place.
 F = Levels seen in this place.
 G = Mean time per level.
                   A        B        C        D        E       F      G
               +--------+--------+--------+--------+--------+-----+--------+
         Total |    806 |    790 |     16 |      0 |    493 |   4 |  201.5 |
       Dungeon |    806 |    790 |     16 |      0 |    493 |   4 |  201.5 |
               +--------+--------+--------+--------+--------+-----+--------+

Top non-repeatable levels by time:
     D:1: 467 daAuts
     D:2: 336 daAuts
     D:4: 2 daAuts
